 Dungeon Crawl Stone Soup version 0.28.0-43-g3370ac3207 (webtiles) character file.

Game seed: 15577633102329204324

15 BreadTh the Skirmisher (level 2, 31/31 HPs)
             Began as an Ogre Arcane Marksman on Feb 6, 2022.
             Quit the game on level 1 of the Dungeon on Mar 6, 2022.
             The game lasted 00:09:23 (1208 turns).

BreadTh the Skirmisher (Ogre Arcane Marksman)       Turns: 1208, Time: 00:09:24

Health: 31/31      AC:  4    Str: 13    XL:     2   Next: 50%
Magic:  3/3        EV:  9    Int: 14    God:
Gold:   25         SH:  0    Dex:  9    Spells: 2/3 levels left

rFire   . . .      SeeInvis .   d - +0 dagger
rCold   . . .      Faith    .   (no shield)
rNeg    . . .      Spirit   .   a - +0 robe
rPois   .          Reflect  .   e - +1 hat
rElec   .          Harm     .   (no cloak)
rCorr   .          Rampage  .   (gloves unavailable)
Will    .....                   (boots unavailable)
Stlth   +.........              (no amulet)
HPRegen 0.10/turn               (no ring)
MPRegen 0.08/turn               (no ring)

@: no status effects
A: large, unfitting armour, tough skin 1
a: no special abilities


You were on level 1 of the Dungeon.
You visited 1 branch of the dungeon, and saw 1 of its levels.

You collected 25 gold pieces.

Inventory:

Hand Weapons
 d - a +0 dagger (weapon)
Missiles
 b - 4 large rocks (quivered)
 c - 2 throwing nets
 g - 15 sling bullets
Armour
 a - a +0 robe (worn)
 e - a +1 hat (worn)
Jewellery
 i - a +4 ring of slaying
Scrolls
 h - a scroll of acquirement {unknown}
Potions
 f - 2 potions of heal wounds {unknown}
 j - 2 potions of ambrosia {unknown}


   Skills:
 * Level 3.3 Fighting
 - Level 2.0 Throwing
 - Level 1.7 Dodging
 - Level 1.2 Spellcasting
 - Level 2.6 Hexes


You had 2 spell levels left.
You knew the following spells:

 Your Spells              Type           Power      Damage    Failure   Level
a - Slow                  Hex            32%        N/A       9%          1

Your spell library contained the following spells:

 Spells                   Type           Power      Damage    Failure   Level
 Inner Flame              Hex/Fire       4%         N/A       41%         3
 Portal Projectile        Hex/Tloc       8%         N/A       41%         3
 Cause Fear               Hex            4%         N/A       65%         4


Dungeon Overview and Level Annotations

Branches:
Dungeon (1/15)

Altars:


Innate Abilities, Weirdness & Mutations

You are too large for most types of armour.
You have tough skin. (AC +1)


Message History

You don't know that spell.
Casting: Slow (safe; 9% risk of failure)
Confirm with . or Enter, or press ? or * to list all spells.
You don't know that spell.
Search for what [Enter for "armor", or ? for help]? stairs Can't find anything matching that.
Unknown command.
Welcome back, BreadTh the Ogre Arcane Marksman.
Press ? for a list of commands and other information.
Welcome back, BreadTh the Ogre Arcane Marksman.
Press ? for a list of commands and other information.
Welcome back, BreadTh the Ogre Arcane Marksman.
Press ? for a list of commands and other information.
Welcome back, BreadTh the Ogre Arcane Marksman.
Press ? for a list of commands and other information.
Welcome back, BreadTh the Ogre Arcane Marksman.
Press ? for a list of commands and other information.
(D) Dungeon
Where to? (? - help)
What level of the Dungeon? (default 1, ? - help)
Okay, then.
Unknown command.
Unknown command.
Unknown command.
Unknown command.
Adjust (i)tems, (s)pells, or (a)bilities?
Huh?
Adjust (i)tems, (s)pells, or (a)bilities?
Huh?
Adjust (i)tems, (s)pells, or (a)bilities?
Huh?
Unknown command.
Number of times to repeat, then command key: You must enter the number of times for the command to repeat.
You start waiting.
Done waiting.
No target in view!
Welcome back, BreadTh the Ogre Arcane Marksman.
Press ? for a list of commands and other information.
Are you sure you want to abandon this character and quit the game? (Confirm with "yes".)

#....####.........#####
#....####.............####
#..♣.♣.♣#♣................
#######..................≈≈≈...
#....###♣.♣.♣#♣......≈≈≈≈≈≈≈≈≈≈
#....#..>..........≈≈≈≈≈≈≈≈≈≈≈≈
#......#....##....≈≈≈≈≈≈≈≈≈≈≈≈≈
#.....##....##...≈≈≈≈≈≈≈≈≈≈≈≈≈≈
#....#......##@.≈≈≈≈≈≈≈≈#####≈≈
#....#......#..≈≈≈≈≈≈≈≈##...##≈
#.♣.♣#♣.♣...#.≈≈≈≈≈≈≈≈≈#..>..#≈
#.............≈≈≈≈≈≈≈≈≈#..<..#≈
##♣#♣.♣.♣....≈≈≈≈≈≈≈≈≈≈#.....#≈
######........≈≈≈≈≈≈≈≈≈≈##...##≈
#....♣.♣......≈≈≈≈≈≈≈≈≈≈≈##'##≈≈
#............≈≈≈≈≈≈≈≈≈≈≈≈≈...≈≈≈
#............≈≈≈≈≈≈≈≈≈≈≈≈≈≈..≈≈≈


There were no monsters in sight!

Vanquished Creatures
  3 endoplasms (D:1)
  3 giant cockroaches (D:1)
  2 goblins (D:1)
  A hobgoblin (D:1)
  2 kobolds (D:1)
  A rat (D:1)
12 creatures vanquished.

Notes
Turn   | Place    | Note
-------+----------+-------------------------------------------
     0 | D:1      | BreadTh the Ogre Arcane Marksman began the quest for the
                  | Orb.
     0 | D:1      | Reached XP level 1. HP: 19/19 MP: 2/2
   122 | D:1      | Reached skill level 2 in Fighting
   312 | D:1      | Reached XP level 2. HP: 11/29 MP: 0/3
   565 | D:1      | Reached skill level 3 in Fighting
   998 | D:1      | Found a faded altar of an unknown god.
  1208 | D:1      | Upgraded the game from 0.28.0 to 0.28.0-43-g3370ac3207
  1208 | D:1      | Quit the game

Illustrated notes

Levels and vault maps discovered:
D:1:      minmay_arrival_shoal_huts, layout_rooms,
          dilly_ecumenical_altar_fadedgnrine, serial_forest,
          infiniplex_forest_lined_1, infiniplex_forest_clump_double,
          infiniplex_forest_lined_3_way, infiniplex_forest_lined_2

Skill      XL: |  1  2 |
---------------+-------+-----
Fighting       | 2 3 |  3.3
Throwing       | |  2.0
Dodging        | |  1.7
Spellcasting   | |  1.2
Hexes          | |  2.6

Action                   || total
-------------------------++-------
Melee: Dagger            ||    88
       Unarmed           ||    14
 Cast: Slow              ||     7
Armor: Robe              ||    47
Dodge: Dodged            ||    42
